 Dungeon Crawl Stone Soup version 0.29-a0-275-g389c0b56f3 (webtiles) character file.

Game seed: 10422167040812807613

93 spaghetti the Sneak (level 4, -4/31 HPs)
             Began as an Octopode Delver on Mar 11, 2022.
             Splashed by a jelly's acid (5 damage)
             ... on level 5 of the Dungeon.
             The game lasted 00:00:40 (953 turns).

spaghetti the Sneak (Octopode Delver)                Turns: 953, Time: 00:00:42

Health: -4/31      AC: -7    Str: 11    XL:     4   Next: 62%
Magic:  4/4        EV: 15    Int: 12    God:
Gold:   52         SH:  0    Dex: 15    Spells: 3/3 levels left

rFire   . . .      SeeInvis .     - Unarmed
rCold   . . .      Faith    .   (no shield)
rNeg    . . .      Spirit   .   (helmet restricted)
rPois   .          Reflect  .   (no amulet)
rElec   .          Harm     .   (no ring)
rCorr   .          Rampage  .   (no ring)
Will    .....                   (no ring)
Stlth   ++++......              (no ring)
HPRegen 0.10/turn               (no ring)
MPRegen 0.09/turn               (no ring)
                                (no ring)
                                (no ring)

@: corroded
A: almost no armour, amphibious, 8 rings, camouflage 1, gelatinous body 1,
(nimble swimmer 1), tentacles
a: no special abilities


You were on level 5 of the Dungeon.
You visited 1 branch of the dungeon, and saw 1 of its levels.

You collected 52 gold pieces.


Innate Abilities, Weirdness & Mutations

You cannot wear most types of armour.
You are amphibious.
You can wear up to eight rings at the same time.
Your skin changes colour to match your surroundings (Stealth+).
Your rubbery body absorbs attacks. (AC +1, EV +1)
((You are camouflaged when in or above water. (Stealth+)))
You have tentacles for arms and can constrict up to eight enemies at once.


   Skills:
 - Level 3.0 Fighting
 + Level 4.7 Dodging
 - Level 6.6 Stealth
 - Level 2.0 Unarmed Combat


You had 3 spell levels left.
You didn't know any spells.
Your spell library was empty.

Inventory:

Hand Weapons
 g - a +0 war axe {axe}
   (You found it on level 5 of the Dungeon)
 h - a +0 dagger {short}
   (You took it off an orc on level 5 of the Dungeon)
Missiles
 f - 26 stones (quivered) {throwing}
Wands
 e - a wand of digging (3)
Scrolls
 a - a scroll of fog
 b - a scroll of magic mapping {!r}
 c - a scroll of fear
 i - a scroll of immolation {unknown}
Potions
 d - a potion of haste {@q3}

Dungeon Overview and Level Annotations

Branches:
Dungeon (5/15)
 Temple: D:4-7

Altars:
Elyvilon

#...# ##.....(.## #.P.#
.##.........### #...#
........(.... ##.##
#.....(...# #.#
#...(...## ##.##
#..(... ...###.รท.###
#.J.# .P....._.... #@#
...###[..### #.# #
#.##.## #.# #.##.#
##.## #.##.##
#######...## #.#...#
...........######.#.P.#
#######...........#...#
##.########.##.## ###
#....#


You could see a jelly.


Message History

You have reached level 4! ๐Ÿ˜จ HP[+2] MP[+1]
You now have 31 max hp (+5).
You regained 2 hp, and now have 9/31 hp.
Your mp is fully restored (4).
You start resting.
You hear a distant slurping noise. ๐Ÿ˜Ž HP[+22]
Your hp is fully restored (31).
You see here an iguana skeleton.
f - 29 stones {throwing} (gained 1)
There is a white marble altar of Elyvilon here.
f - 31 stones {throwing} (gained 2)
i - a scroll labelled DANOUDGH KADIG A hound comes into view.
A hound is nearby!
A hound is nearby!
A hound is nearby!
You throw a stone {throwing}.
The stone {throwing} hits the hound but does no damage.
The hound barks!
You throw a stone {throwing}.
The stone {throwing} hits the hound but does no damage.
You throw a stone {throwing}.
The stone {throwing} closely misses the hound.
The hound bites you.
You tentacle-slap the hound but do no damage.
You grab the hound. You squeeze the hound.
You constrict the hound, but do no damage.
The hound bites you.
You are too injured to fight recklessly! ๐Ÿ˜ฎ HP[-8]
You take 8 damage, and now have 23/31 hp.
MASSIVE DAMAGE!! (PAUSE)
You tentacle-slap the hound. You squeeze the hound. You constrict the hound.
The hound closely misses you. The hound barely misses you.
You tentacle-slap the hound. You constrict the hound.
You kill the hound!
Key pressed, stopping explore.
f - 29 stones {throwing} (gained 1)
f - 30 stones {throwing} (gained 1)
f - 31 stones {throwing} (gained 1)
You hear a distant slurping noise.
A jelly comes into view.
The jelly moves out of view. ๐Ÿ˜Ž HP[+8]
Your hp is fully restored (31).
A jelly is nearby!
A jelly is nearby!
A jelly is nearby!
You throw a stone {throwing}.
The stone {throwing} barely misses the jelly.
The jelly quivers.
You throw a stone {throwing}. The stone {throwing} hits the jelly.
You throw a stone {throwing}. The stone {throwing} hits the jelly.
You throw a stone {throwing}.
The stone {throwing} hits the jelly but does no damage.
You throw a stone {throwing}.
The stone {throwing} hits the jelly but does no damage.
You tentacle-slap the jelly.
Your tentacles burn!
You squeeze the jelly!
The jelly closely misses you. ๐Ÿ˜• HP[-1]
You take 1 damage, and now have 30/31 hp.
You tentacle-slap the jelly.
Your tentacles burn!
The jelly barely misses you. ๐Ÿ˜• HP[-2]
You take 2 damage, and now have 28/31 hp.
You barely miss the jelly. The jelly hits you. The acid corrodes you!
You are splashed with acid! ๐Ÿ˜ฎ HP[-8]
You take 8 damage, and now have 20/31 hp.
MASSIVE DAMAGE!! (PAUSE)
You tentacle-slap the jelly but do no damage.
Your tentacles burn!
The jelly hits you. The acid corrodes you!
You are splashed with acid.
* * * LOW HITPOINT WARNING * * *
๐Ÿ˜จ HP[-10]
You take 10 damage, and now have 10/31 hp.
MASSIVE DAMAGE!! (PAUSE)
You tentacle-slap the jelly.
Your tentacles burn!
* * * LOW HITPOINT WARNING * * *
You squeeze the jelly, but do no damage.
The jelly closely misses you. ๐Ÿ˜ฑ HP[-4]
You take 4 damage, and now have 6/31 hp.
Okay, then.
Okay, then.
You tentacle-slap the jelly.
Your tentacles burn!
* * * LOW HITPOINT WARNING * * *
You squeeze the jelly. The jelly misses you. ๐Ÿ˜ฑ HP[-3]
You take 3 damage, and now have 3/31 hp.
You tentacle-slap the jelly but do no damage.
Your tentacles burn!
* * * LOW HITPOINT WARNING * * *
The jelly closely misses you. ๐Ÿ˜ฑ HP[-2]
You take 2 damage, and now have 1/31 hp.
You tentacle-slap the jelly but do no damage.
Your tentacles burn!
You die...

Skill      XL: |  1  2  3 |
---------------+----------+-----
Dodging        | 3 4 |  4.7
Fighting       | |  3.0
Stealth        | |  6.6
Unarmed Combat | |  2.0

Action                   |  1- 3 |  4- 6 || total
-------------------------+-------+-------++-------
Melee: Unarmed           |    15 |    11 ||    26
       Tentacles         |     6 |     5 ||    11
       Constrict         |     3 |     1 ||     4
Throw: Stone             |    10 |     8 ||    18
  Use: Scroll            |     1 |       ||     1
Dodge: Dodged            |    11 |     7 ||    18

Levels and vault maps discovered:
D:5:      layout_loops_corners, elyvilon_altar_1, uniq_crazy_yiuf_cottage

Notes
Turn   | Place    | Note
-------+----------+-------------------------------------------
     0 | D:5      | spaghetti the Octopode Delver began the quest for the Orb.
     0 | D:5      | Reached XP level 1. HP: 16/16 MP: 1/1
     0 | D:5      | magus.rc [v1.9.6]
    51 | D:5      | Noticed a hound
    67 | D:5      | Killed a hound
    68 | D:5      | Reached skill level 3 in Dodging
    68 | D:5      | Reached XP level 2. HP: 11/21 MP: 2/2
    68 | D:5      | Reached XP level 3. HP: 13/26 MP: 3/3
   589 | D:5      | Found a white marble altar of Elyvilon.
   607 | D:5      | Reached skill level 4 in Dodging
   607 | D:5      | Reached XP level 4. HP: 9/31 MP: 4/4
   950 | D:5      | HP: 6/31 [acid (4)]
   952 | D:5      | HP: 1/31 [acid (2)]
   953 | D:5      | Splashed by a jelly's acid

Vanquished Creatures
  2 hounds (D:5)
  An iguana (D:5)
  A white imp (D:5)
  An orc (D:5)
5 creatures vanquished.

Table legend:
 A = Non-vault XP
 B = Vault XP
 C = Vault XP percentage of total XP
 D = Non-vault monster count
 E = Vault monster count
 F = Vault count percentage of total count
                 A         B        C        D         E       F
            +---------+---------+-------+---------+---------+-------
      Total |     134 |       0 |   0.0 |       5 |       0 |   0.0
            +---------+---------+-------+---------+---------+-------
        D:5 |     134 |       0 |   0.0 |       5 |       0 |   0.0
            +---------+---------+-------+---------+---------+-------

Illustrated notes

Table legend:
 A = Kills in this place as a percentage of kills in entire the game.
 B = Kills by you in this place as a percentage of kills by you in the entire game.
 C = Kills by friends in this place as a percentage of kills by friends in the entire game.
 D = Other kills in this place as a percentage of other kills in the entire game.
 E = Experience gained in this place as a percentage of experience gained in the entire game.
 F = Experience gained in this place divided by the number of levels of this place that you have seen.
                   A       B       C       D       E      F
               +-------+-------+-------+-------+-------+----------------------
         Total | 100.0 | 100.0 |   N/A |   N/A | 100.0 | 134.0
       Dungeon | 100.0 | 100.0 |   N/A |   N/A | 100.0 | 134.0
               +-------+-------+-------+-------+-------+----------------------

Table legend: (Time is in decaauts)
 A = Elapsed time spent in this place.
 B = Non-inter-level travel time spent in this place.
 C = Inter-level travel time spent in this place.
 D = Time resting spent in this place.
 E = Time spent auto-exploring this place.
 F = Levels seen in this place.
 G = Mean time per level.
                   A        B        C        D        E       F      G
               +--------+--------+--------+--------+--------+-----+--------+
         Total |    954 |    954 |      0 |    509 |    382 |   1 |  954.0 |
       Dungeon |    954 |    954 |      0 |    509 |    382 |   1 |  954.0 |
               +--------+--------+--------+--------+--------+-----+--------+

Top non-repeatable levels by time:
     D:5: 954 daAuts
